 Dungeon Crawl Stone Soup version 0.20-a0-1114-g33edf32 (webtiles) character file.

8039 nubinia the Blocker (level 11, -2/86 HPs)
             Began as a Gnoll Artificer on May 6, 2017.
             Was a High Priest of Okawaru.
             Slain by a fire dragon (6 damage)
             ... in a volcano.
             The game lasted 01:14:40 (10022 turns).

nubinia the Blocker (Gnoll Artificer)              Turns: 10022, Time: 01:14:40

Health: -2/86      AC:  7    Str: 23    XL:     11   Next: 24%
Magic:  16/16      EV: 22    Int: 16    God:    Okawaru [*****.]
Gold:   290        SH: 19    Dex: 31    Spells: 10/10 levels left

rFire    + . .     SeeInvis .   a - +7 morningstar of Plague {crush, rElec rF+ Int+2 Dex+2}
rCold    . . .     Gourm    .   Q - +0 large shield of the Equator {Dex+3}
rNeg     . . .     Faith    .   T - +2 robe "Xiompab" {+Fly Str+6}
rPois    .         Spirit   .   C - +1 hat
rElec    +         Reflect  .   v - scarf {cloud immunity}
rCorr    .         Harm     .   s - +1 pair of gloves
MR       .....                  (no boots)
Stlth    +++++++...             (no amulet)
Regen    0.3/turn               z - ring of stealth
MPRegen  0.2/turn               I - +6 ring of dexterity

@: mighty, agile, hasted, studying Shields, very quick
A: short attention span, fangs 1, strong nose
a: Heroism, Finesse, Renounce Religion, Evoke Flight


You were in a volcano.
You worshipped Okawaru.
Okawaru was extremely pleased with you.
You were hungry.

You visited 2 branches of the dungeon, and saw 10 of its levels.
You also visited: Volcano.

You collected 569 gold pieces.
You spent 279 gold pieces at shops.

Inventory:

Hand Weapons
 a - the +7 morningstar of Plague (weapon) {crush, rElec rF+ Int+2 Dex+2}
   (You bought it in a shop on level 8 of the Dungeon)

   It inflicts extra damage upon your enemies.
   It affects your intelligence (+2).
   It affects your dexterity (+2).
   It protects you from fire.
   It insulates you from electricity.
 b - a +1 blowgun
 q - a +0 hunting sling
Missiles
 n - 5 needles of sleeping
 p - 66 sling bullets
 r - 264 stones
 D - 30 poisoned needles
 G - 6 javelins of returning (quivered)
 Y - 6 needles of confusion
Armour
 s - a +1 pair of gloves (worn)
 v - a scarf of cloud immunity (worn)
 C - a +1 hat (worn)
 L - a +1 robe of positive energy
 Q - the +0 large shield of the Equator (worn) {Dex+3}
   (You acquired it on level 9 of the Dungeon)

   It affects your dexterity (+3).
 S - a +4 scale mail of cold resistance
 T - the +2 robe "Xiompab" (worn) {+Fly Str+6}
   (You found it on level 7 of the Dungeon)

   It affects your strength (+6).
   It lets you fly.
Jewellery
 g - an uncursed ring of poison resistance
 z - a ring of stealth (left hand)
 I - a +6 ring of dexterity (right hand)
 N - a +3 ring of protection
Wands
 d - a wand of enslavement (21/24)
 y - a wand of random effects (31/48)
 E - a wand of polymorph (13/24)
 M - a wand of paralysis (20/24)
 P - a wand of iceblast (0/15)
 Z - a wand of confusion (12/48)
Scrolls
 e - a scroll of magic mapping
 i - a scroll of identify
 l - 4 scrolls of teleportation
 x - 5 scrolls of enchant armour
 J - 4 scrolls of amnesia
 V - 4 scrolls of enchant weapon
Potions
 h - 3 potions of haste
 m - a potion of ambrosia
 o - 2 potions of agility
 A - 4 potions of curing
 F - 3 potions of flight
 R - a potion of cancellation
 W - a potion of resistance
Books
 K - a manual of Shields
Comestibles
 f - 7 bread rations
 j - 5 meat rations
 k - 8 royal jellies
 O - 9 fruits


   Skills:
 + Level 8.1 Fighting
   Level 7.2 Short Blades
 + Level 8.6 Maces & Flails
 + Level 5.2(6.7) Slings
 + Level 6.9(7.3) Throwing
 + Level 5.5 Armour
 - Level 7.0 Dodging
 - Level 8.0 Stealth
 + Level 9.4 Shields
 + Level 3.7 Invocations
 + Level 7.7 Evocations


You had 10 spell levels left.
You didn't know any spells.

Dungeon Overview and Level Annotations

Branches:
Dungeon (9/15)             Temple (0/1) D:5            Lair (1/6) D:8
    Orc (0/2) D:9

Altars:
Ashenzari
Cheibriados
Dithmenos
Elyvilon
Gozag
Makhleb
Okawaru
Trog
Uskayaw
Xom
The Shining One

Shops:
D:8 (*   D:9 :

Annotations:
D:3 exclusion: player ghost, teron's ghost, amateur DECj


Innate Abilities, Weirdness & Mutations

You have a short attention span.
You have very sharp teeth.
Your uncanny sense of smell can sniff out nearby items.


Message History

* * * LOW HITPOINT WARNING * * *
Your shield prevents you from hitting the fire dragon.
You bite the fire dragon.
The fire dragon is almost dead.
You block the fire bat's attack. The fire bat misses you.
The fire bat bites you.
* * * LOW HITPOINT WARNING * * *
You are engulfed in flames.
You resist.
* * * LOW HITPOINT WARNING * * *
You block the hell hog's attack. The fire dragon bites you!
* * * LOW HITPOINT WARNING * * *
You block the fire dragon's attack. The fire dragon misses you.
The fire bat bites you but does no damage.
The hell hog bites you.
* * * LOW HITPOINT WARNING * * *
Okay, then.
You feel yourself speed up. You block the fire bat's attack. x2
The fire dragon bites you but does no damage.
The fire dragon claws you.
You die...

∆ . .. #.. ######## #b.
####......## ∆ #..
####....≈≈≈≈≈.#### ∆∆
#..###8D@b..§≈≈≈≈≈≈...###
∆∆#∩.[...h....§§§≈§≈≈≈§....
∆∆
#..###8..b.S≈§§≈≈≈≈≈≈≈... ∆
#.. ###...§§§§§§≈§§§≈≈≈.
#D. #...≈§§§≈§§≈§≈≈§≈≈ #..
#..≈§≈§≈§≈≈§§≈§§≈≈§ ..
#...§≈§§§≈§§§§§§§§§≈ .
...§≈§§§§≈§≈§§§≈§≈§§§
∆#...§≈§≈§§§§§≈≈≈≈≈≈§≈§


You could see a fire dragon, a hell hog, 2 fire bats and a lava snake.

Vanquished Creatures
  2 two-headed ogres
  A black mamba (Lair:1)
  Grinder (D:3)
  Prince Ribbit (D:5)
  3 hippogriffs
  A spriggan (D:7)
  5 yaks (Lair:1)
  5 fire bats (Volcano)
  2 steam dragons (Volcano)
  Menkaure (D:7)
  Edmund (D:5)
  A water moccasin (D:7)
  Duvessa (D:6)
  4 orc warriors
  A black bear (D:6)
  6 ogres
  A centaur (D:9)
  3 bullfrogs
  A scorpion (D:6)
  A water moccasin skeleton (D:5)
  Dowan (D:6)
  3 wights (D:4)
  2 electric eels (D:9)
  A howler monkey (D:3)
  4 crimson imps
  2 quasits (D:9)
  4 lava snakes (Volcano)
  5 hounds
  A jelly (D:6)
  Crazy Yiuf (D:3)
  3 orc priests (D:9)
  2 bullfrog skeletons
  4 orc wizards
  2 centaur skeletons
  4 iguanas
  6 worker ants
  A killer bee zombie (D:9)
  A hound zombie (D:6)
  10 adders
  A gnoll (D:1)
  2 shadow imps
  An ooze (D:1)
  2 adder zombies (D:6)
  An adder skeleton (D:4)
  4 worms
  2 dart slugs
  8 leopard geckos
  13 orcs
  5 giant cockroaches
  9 goblins
  3 hobgoblins
  4 jackals
  3 quokkas
  3 ball pythons (D:1)
  11 bats
  5 frilled lizards
  12 kobolds
  2 leopard gecko skeletons
  11 rats
201 creatures vanquished.

Vanquished Creatures (collateral kills)
  4 orcs (D:9)
4 creatures vanquished.

Vanquished Creatures (others)
  A worker ant (D:9)
1 creature vanquished.

Grand Total: 206 creatures vanquished

Notes
Turn   | Place    | Note
-------+----------+-------------------------------------------
     0 | D:1      | nubinia the Gnoll Artificer began the quest for the Orb.
     0 | D:1      | Reached XP level 1. HP: 16/16 MP: 3/3
    15 | D:1      | Reached skill level 5 in Evocations
   220 | D:1      | Reached XP level 2. HP: 16/22 MP: 5/5
   503 | D:1      | Reached XP level 3. HP: 17/27 MP: 7/7
   996 | D:1      | Reached skill level 1 in Armour
  1593 | D:2      | Reached XP level 4. HP: 27/33 MP: 8/8
  2786 | D:3      | Reached XP level 5. HP: 30/39 MP: 9/9
  3016 | D:3      | Noticed Grinder
  3074 | D:3      | Killed Grinder
  3074 | D:3      | Reached skill level 5 in Short Blades
  3074 | D:3      | Reached skill level 5 in Dodging
  3074 | D:3      | Reached skill level 2 in Shields
  3074 | D:3      | Reached XP level 6. HP: 21/47 MP: 10/10
  3423 | D:3      | Found a bloodstained altar of Trog.
  3449 | D:3      | Found a runed door.
  3616 | D:3      | Noticed teron's ghost (amateur DECj)
  3844 | D:4      | Reached skill level 3 in Shields
  3844 | D:4      | Reached XP level 7. HP: 35/53 MP: 11/11
  4102 | D:3      | Noticed Crazy Yiuf
  4105 | D:3      | Killed Crazy Yiuf
  4205 | D:4      | Reached skill level 1 in Throwing
  4403 | D:4      | Reached skill level 4 in Shields
  4525 | D:4      | Reached skill level 1 in Slings
  4614 | D:4      | Found an opulent altar of Gozag.
  4618 | D:4      | Found a shadowy altar of Dithmenos.
  4619 | D:4      | Found an iron altar of Okawaru.
  4636 | D:4      | Became a worshipper of Warmaster Okawaru
  4756 | D:5      | Entered Level 5 of the Dungeon
  4759 | D:5      | Found a shadowy altar of Dithmenos.
  4877 | D:5      | Found a staircase to the Ecumenical Temple.
  4977 | D:5      | Reached XP level 8. HP: 24/61 MP: 12/12
  5217 | D:5      | Noticed Prince Ribbit
  5238 | D:5      | Reached skill level 5 in Stealth
  5418 | D:5      | Killed Prince Ribbit
  5418 | D:5      | Reached * piety under Okawaru
  5570 | D:5      | Noticed Edmund
  5574 | D:5      | Killed Edmund
  5574 | D:5      | Reached skill level 5 in Fighting
  5585 | D:5      | Found a snail-covered altar of Cheibriados.
  5640 | D:5      | Found a burning altar of Makhleb.
  5640 | D:5      | Found a shimmering altar of Xom.
  5807 | D:6      | Found a shattered altar of Ashenzari.
  5837 | D:6      | Reached skill level 5 in Shields
  6081 | D:6      | Found a white marble altar of Elyvilon.
  6257 | D:6      | Reached XP level 9. HP: 60/69 MP: 14/14
  6507 | D:6      | Reached skill level 6 in Shields
  6523 | D:6      | Noticed Duvessa
  6538 | D:6      | Noticed Dowan
  6542 | D:6      | Killed Dowan
  6601 | D:6      | Killed Duvessa
  6601 | D:6      | Reached ** piety under Okawaru
  6823 | D:7      | Reached skill level 5 in Throwing
  6823 | D:7      | Reached skill level 7 in Shields
  7110 | D:7      | Got a heavy robe
  7111 | D:7      | Identified the +2 robe "Xiompab" {+Fly Str+6} (You found it on level 7 of the Dungeon)
  7516 | D:7      | Noticed Menkaure
  7520 | D:7      | Killed Menkaure
  7520 | D:7      | Reached skill level 5 in Armour
  7919 | D:8      | Found Urotzefim's Demolitions Depot.
  7935 | D:8      | Noticed a two-headed ogre
  8059 | D:8      | Killed a two-headed ogre
  8059 | D:8      | Reached *** piety under Okawaru
  8059 | D:8      | Reached skill level 8 in Shields
  8059 | D:8      | Reached XP level 10. HP: 71/79 MP: 15/15
  8158 | D:8      | Found a staircase to the Lair.
  8376 | D:8      | Found Ehiph's Antique Weapon Emporium.
  8382 | D:8      | Bought a jewelled morningstar for 279 gold pieces
  8382 | D:8      | Identified the +7 morningstar of Plague {crush, rElec rF+ Int+2 Dex+2} (You bought it in a shop on level 8 of the Dungeon)
  8664 | D:9      | Reached **** piety under Okawaru
  8747 | D:9      | Reached skill level 1 in Maces & Flails
  8824 | D:9      | Noticed a two-headed ogre
  8839 | D:9      | Killed a two-headed ogre
  8940 | D:9      | Received a gift from Okawaru
  8940 | D:9      | Reached skill level 5 in Slings
  9091 | D:9      | Found a staircase to the Orcish Mines.
  9119 | D:9      | Reached skill level 5 in Maces & Flails
  9157 | D:9      | Found a hide-covered altar of Uskayaw.
  9278 | D:9      | Found Poryla Ware's Book Emporium.
  9301 | D:9      | Found a glowing golden altar of the Shining One.
  9398 | D:9      | Reached ***** piety under Okawaru
  9405 | D:9      | Identified a scroll of acquirement
  9408 | D:9      | Got a warped large shield
  9419 | D:9      | Identified the +0 large shield of the Equator {Dex+3} (You acquired it on level 9 of the Dungeon)
  9656 | Lair:1   | Entered Level 1 of the Lair of Beasts
  9663 | Lair:1   | Noticed a black mamba
  9670 | Lair:1   | Killed a black mamba
  9670 | Lair:1   | Received a gift from Okawaru
  9670 | Lair:1   | Reached skill level 9 in Shields
  9697 | Lair:1   | Reached XP level 11. HP: 81/86 MP: 16/16
  9738 | Lair:1   | Found a dark tunnel.
  9816 | Volcano  | Entered a volcano
  9866 | Volcano  | Received a gift from Okawaru
 10002 | Volcano  | Noticed a hell hog
 10007 | Volcano  | Noticed a fire dragon
 10019 | Volcano  | HP: 1/86 [fire dragon/blast of flame (18)]
 10022 | Volcano  | Slain by a fire dragon

Vault maps used:
D:1:      sevenhm_arrival_forest_fort_large_4
D:3:      lightli_temple_of_fire, uniq_crazy_yiuf_cottage, uniq_grinder
D:4:      grunt_temple_overflow_open, grunt_ministairs_14
D:5:      grunt_temple_overflow_champion_of_chaos, kennysheep_mini_moat,
          minmay_temple_entry_statues_pillars, first_bread,
          nicolae_dithmenos_the_darkroom, uniq_prince_ribbit1, uniq_edmund
D:6:      elyvilon_altar_1, evilmike_ruin_ashenzari, uniq_duvessa
D:7:      the_bakery, uniq_menkaure
D:8:      dpeg_oklobed_lair, serial_shops, shop, hangedman_decor_points,
          nicolae_sextant, nicolae_blasting_shop
D:9:      eat_drink_and_be_merry_uskayaw, erik_orc_2, serial_shops, shop,
          tso_metal_star
Lair:1:   nicolae_volcano_entry_two_sided, uniq_grum
Volcano:  volcano_grotto

Skill      XL: |  1  2  3  4  5  6  7  8  9 10 11 |
---------------+----------------------------------+-----
Evocations     | 5 6 7 |  7.7
Short Blades   | 2 3 5 6 7 |  7.2
Stealth        | 2 3 4 6 8 |  8.0
Fighting       | 2 3 4 6 7 8 |  8.1
Armour         | 1 2 3 4 5 |  5.5
Dodging        | 4 5 6 7 |  7.0
Shields        | 2 3 4 5 8 9 |  9.4
Throwing       | 2 3 6 |  6.9
Slings         | 1 3 4 5 |  5.2
Invocations    | 3 |  3.7
Maces & Flails | 7 8 |  8.6

Action                   |  1- 3 |  4- 6 |  7- 9 | 10-12 || total
-------------------------+-------+-------+-------+-------++-------
Melee: Short sword       |   111 |   243 |   147 |       ||   501
       Bite              |    10 |    21 |    42 |    31 ||   104
       Dagger            |       |       |   209 |       ||   209
       Morningstar       |       |       |       |   161 ||   161
 Fire: Hunting sling     |       |     4 |    24 |    17 ||    45
       Blowgun           |       |     3 |    31 |    19 ||    53
Throw: Javelin           |       |       |       |     5 ||     5
 Abil: Evoke Flight      |       |       |       |     1 ||     1
Evoke: Wand              |     3 |     5 |    27 |     7 ||    42
  Use: Potion            |     2 |     3 |     2 |     5 ||    12
       Scroll            |     2 |     7 |     9 |     8 ||    26
 Stab: Confused          |     2 |     1 |     2 |       ||     5
       Distracted        |     1 |       |     1 |       ||     2
       Sleeping          |     2 |     5 |    13 |     6 ||    26
       Paralysed         |       |       |     4 |       ||     4
       Petrified         |       |       |     1 |       ||     1
  Eat: Chunk             |     2 |     8 |    11 |     7 ||    28
       Fruit             |       |       |     1 |       ||     1
Armor: Leather armour    |    13 |    48 |    39 |       ||   100
       Robe              |       |       |     3 |    45 ||    48
Dodge: Dodged            |    69 |   113 |    90 |   111 ||   383
Block: Shield            |       |    49 |    94 |    78 ||   221
       Buckler           |       |       |     3 |       ||     3
       Large shield      |       |       |       |    69 ||    69
